 Dungeon Crawl Stone Soup version 0.30-a0-622-gddc90eaa04 (webtiles) character file.

Game seed: 9181304964376654551

6606 themarg the Martial Artist (level 11, -1/83 HPs)
             Began as a Gnoll Transmuter on Jan 11, 2023.
             Was an Elder of Makhleb.
             Slain by a troll (11 damage)
             ... on level 9 of the Dungeon.
             The game lasted 00:25:12 (9316 turns).

themarg the Martial Artist (Gnoll Transmuter)       Turns: 9316, Time: 00:25:13

Health: -1/83      AC: 10    Str: 10    XL:     11   Next: 2%
Magic:  22/22      EV: 15    Int: 17    God:    Makhleb [****..]
Gold:   411        SH:  0    Dex: 12    Spells: 15/25 levels left

rFire   . . .      SeeInvis +    B - staff of cold
rCold   + . .      Faith    .    (no shield)
rNeg    . . .      Spirit   .    a - +0 robe
rPois   .          Reflect  .    k - +1 helmet
rElec   .          Harm     .    q - +0 cloak
rCorr   .          Rampage  .    o - +2 pair of gloves
Will    .....                    F - +0 pair of boots
Stlth   +++                      (no amulet)
HPRegen 0.33/turn                A - ring of see invisible
MPRegen 0.18/turn                (no ring)

@: no status effects
A: fangs 1, strong nose, distributed training
a: Renounce Religion, Minor Destruction, Lesser Servant of Makhleb, Major
Destruction


You were on level 9 of the Dungeon.
You worshipped Makhleb.
Makhleb was greatly pleased with you.
You visited 1 branch of the dungeon, and saw 9 of its levels.
You also visited: Bailey.

You collected 541 gold pieces.
You spent 130 gold pieces at shops.

Inventory:

Missiles
 e - 61 stones
 r - 16 poisoned darts
 y - a curare-tipped dart
 D - 4 datura-tipped darts
 E - 2 throwing nets
Armour
 a - a +0 robe (worn)
 k - a +1 helmet (worn)
 o - a +2 pair of gloves (worn)
 q - a +0 cloak (worn)
 F - a +0 pair of boots (worn)
 G - the +4 scale mail "Tiotisax" {Str+8}
   (You found it in a bailey)

   Str:       It affects your strength (+8).
 I - a +1 robe of positive energy
 J - the +1 robe of Lugonu's Indignation {Drain rN+ rCorr Str+3}
   (You found it on level 9 of the Dungeon)

   Str:       It affects your strength (+3).
   rN:        It protects you from negative energy.
   rCorr:     It protects you from acid and corrosion.
   Drain:     It drains your maximum health when unequipped.
Magical Staves
 B - a staff of cold (weapon)
Jewellery
 A - a ring of see invisible (left hand)
Wands
 p - a wand of quicksilver (11)
 w - a wand of flame (49)
 z - a wand of paralysis (12)
Scrolls
 c - a scroll of torment
 d - a scroll of magic mapping
 f - 2 scrolls of teleportation
 i - a scroll of vulnerability
 j - 2 scrolls of blinking {unknown}
 t - 2 scrolls of fog
 u - 2 scrolls of butterflies
 v - a scroll of fear
 x - a scroll of brand weapon {unknown}
 C - 2 scrolls of poison {unknown}
Potions
 b - 2 potions of lignification
 g - a potion of ambrosia
 h - 2 potions of magic
 l - 2 potions of haste
 m - a potion of curing
 n - a potion of flight
 s - a potion of berserk rage


   Skills:
 + Level 6.6 Fighting
 + Level 6.0 Short Blades
 + Level 6.0 Long Blades
 + Level 6.0 Axes
 + Level 6.0 Maces & Flails
 + Level 6.0 Polearms
 + Level 6.0 Staves
 + Level 6.0 Ranged Weapons
 + Level 6.0 Throwing
 + Level 6.0 Armour
 + Level 7.7 Dodging
 + Level 6.0 Stealth
 + Level 6.0 Shields
 + Level 9.0 Unarmed Combat
 + Level 7.9 Spellcasting
 + Level 5.0 Conjurations
 + Level 5.0 Hexes
 + Level 5.0 Summonings
 + Level 5.0 Necromancy
 + Level 5.0 Translocations
 + Level 6.3 Transmutations
 + Level 5.0 Fire Magic
 + Level 5.0 Ice Magic
 + Level 5.0 Air Magic
 + Level 5.0 Earth Magic
 + Level 5.0 Poison Magic
 + Level 6.6 Invocations
 + Level 6.0 Evocations


You had 15 spell levels left.
You knew the following spells:

 Your Spells              Type           Power      Damage    Failure   Level
a - Beastly Appendage     Tmut           56%        N/A       1%          1
b - Wereblood             Tmut           28%        N/A       1%          2
c - Spider Form           Tmut/Pois      26%        N/A       3%          3
d - Ice Form              Ice/Tmut       39%        N/A       10%         4

Your spell library contained the following spells:

 Spells                   Type           Power      Damage    Failure   Level
 Magic Dart               Conj           92%        1d7       1%          1
 Necrotise                Necr           92%        1d8       1%          1
 Cigotuvi's Dreadful Rot  Necr/Pois/Air  46%        N/A       1%          2
 Searing Ray              Conj           46%        2d6       1%          2
 Sublimation of Blood     Necr           23%        N/A       1%          2
 Portal Projectile        Hex/Tloc       46%        N/A       4%          3
 Tukima's Dance           Hex            23%        N/A       4%          3
 Vampiric Draining        Necr           23%        2d7       4%          3
 Dispel Undead            Necr           23%        3d12      13%         4
 Fulminant Prism          Conj/Hex       11%        3d8       13%         4
 Passage of Golubria      Tloc           23%        N/A       13%         4
 Blade Hands              Tmut           14%        N/A       22%         5
 Yara's Violent Unravell  Hex/Tmut       13%        3d7       28%         5
 Agony                    Necr           23%        N/A       36%         5
 Fireball                 Conj/Fire      11%        3d7       36%         5
 Iskenderun's Battlesphe  Conj           23%        2d8       36%         5
 Conjure Ball Lightning   Conj/Air       11%        3x3d6     90%         6
 Death Channel            Necr           11%        N/A       90%         6
 Orb of Destruction       Conj           11%        9d6       100%        7
 Summon Hydra             Summ           11%        N/A       100%        7


Dungeon Overview and Level Annotations

Branches:
Dungeon (9/15)             Temple (0/1) D:7          Bailey (visited)
   Lair: D:8-11         Orc: D:9-12

Altars:
Elyvilon
Fedhas
Kikubaaqudgha
Makhleb
Nemelex Xobeh
Qazlal
Trog
Wu Jian
Yredelemnul
Zin
The Shining One

Shops:
D:2 (   D:3 ?

Annotations:
D:3 3 runed translucent doors, CraigOfTheCreek's ghost, amateur GnBe
D:8 1 runed translucent door


Innate Abilities, Weirdness & Mutations

You have very sharp teeth.
Your uncanny sense of smell can sniff out nearby items.
Your experience applies equally to all skills.


Message History

You closely miss the orc priest.
You warm up again.
Your staff of cold unmelds from your body.
Your +0 cloak unmelds from your body.
Your +1 helmet unmelds from your body.
Your +2 pair of gloves unmelds from your body.
Your +0 pair of boots unmelds from your body.
Your +0 robe unmelds from your body.
The orc priest hits you with a +0 mace.
* * * LOW HITPOINT WARNING * * *
The troll bites you.
* * * LOW HITPOINT WARNING * * *
The troll closely misses you. The troll completely misses you.
You're too confused to cast spells.
Okay, then.
Okay, then.
You feel better.
You feel less invigorated. The orc priest completely misses you.
The troll closely misses you. The troll claws you!
* * * LOW HITPOINT WARNING * * *
The troll misses you.
Aiming: Major Destruction (12% risk of failure)
Press: ? - help, Shift-Dir - straight line, f - steam dragon
Aim: a steam dragon The bolt of negative energy hits the troll!!
The troll is drained!
The troll is heavily wounded.
The bolt of negative energy hits the orc wizard!
The orc wizard is drained!
You kill the orc wizard!
Makhleb accepts your kill.
You feel better.
The bolt of negative energy hits the hound!
The hound is drained!
The hound is almost dead.
The bolt of negative energy misses the orc priest.
The bolt of negative energy hits the steam dragon!
The steam dragon is drained!
The steam dragon is heavily wounded.
The orc priest hits you but does no damage.
The troll bites you!
You die...

#######+##
#..Wo@...#
+..'###T###
##....#h#
####.#o# ......
#.#D#
......####.+.#
......#....#h# .
#...#.....#.#
.##.....o....###


You could see a troll (drained), a wraith, a steam dragon (drained), 2 hounds
and 2 orc priests.

Vanquished Creatures
  Pikel (D:5)
  A deep elf pyromancer (Bailey)
  Prince Ribbit (D:7)
  A hornet (D:8)
  Sigmund (D:5)
  A wyvern (D:8)
  2 steam dragons
  4 vampire mosquitoes (D:9)
  An acid dragon (D:9)
  3 water moccasins
  5 orc warriors
  2 black bears (D:5)
  2 ice beasts
  A sky beast (D:8)
  An ogre (D:6)
  2 centaurs (D:7)
  A phantom (D:5)
  A kobold brigand (D:8)
  4 bullfrogs
  2 gnoll sergeants (D:6)
  A necrophage (D:5)
  2 scorpions
  11 killer bees (D:8)
  5 howler monkeys
  4 hounds
  3 orc priests
  Crazy Yiuf (D:7)
  2 jellies
  3 gnoll boudas
  Ijyb (D:4)
  3 iguanas
  5 orc wizards
  24 gnolls
  7 adders
  An ufetubus (D:5)
  2 dart slugs
  22 orcs
  6 ball pythons
  7 endoplasms
  10 goblins
  8 hobgoblins
  8 jackals
  9 kobolds
  4 quokkas
  6 bats
  2 frilled lizards (D:1)
  3 rats
  A spectral hobgoblin (D:2)
198 creatures vanquished.

Vanquished Creatures (collateral kills)
  An orc knight (Bailey)
  4 orcs (Bailey)
5 creatures vanquished.

Vanquished Creatures (others)
  A human (D:7)
1 creature vanquished.

Grand Total: 204 creatures vanquished

Notes
Turn   | Place    | Note
-------+----------+-------------------------------------------
     0 | D:1      | themarg the Gnoll Transmuter began the quest for the Orb.
     0 | D:1      | Reached XP level 1. HP: 17/17 MP: 6/6
   136 | D:1      | Reached XP level 2. HP: 22/23 MP: 5/7
   139 | D:1      | Learned a level 2 spell: Wereblood
   291 | D:1      | Reached skill level 5 in Spellcasting
   291 | D:1      | Reached XP level 3. HP: 28/28 MP: 6/9
   295 | D:1      | Learned a level 3 spell: Spider Form
   631 | D:2      | Found a faded altar of an unknown god.
   653 | D:2      | Prayed at the altar of an unknown god.
   653 | D:2      | Became a worshipper of Makhleb the Destroyer
   653 | D:2      | Reached * piety under Makhleb
   658 | D:2      | Reached skill level 1 in Invocations
   798 | D:2      | Found Jaerru's Antique Weapon Shoppe.
   958 | D:2      | Reached skill level 1 in Short Blades
   958 | D:2      | Reached skill level 1 in Long Blades
   958 | D:2      | Reached skill level 1 in Axes
   958 | D:2      | Reached skill level 1 in Maces & Flails
   958 | D:2      | Reached skill level 1 in Polearms
   958 | D:2      | Reached skill level 1 in Staves
   958 | D:2      | Reached skill level 1 in Ranged Weapons
   958 | D:2      | Reached skill level 1 in Throwing
   958 | D:2      | Reached skill level 1 in Armour
   958 | D:2      | Reached skill level 1 in Stealth
   958 | D:2      | Reached skill level 1 in Shields
   958 | D:2      | Reached skill level 1 in Evocations
  1208 | D:2      | Found a glowing silver altar of Zin.
  1347 | D:3      | Found Viotak's Magic Scroll Emporium.
  1352 | D:3      | Bought a scroll of identify for 26 gold pieces
  1363 | D:3      | Reached XP level 4. HP: 24/34 MP: 7/11
  1690 | D:3      | Noticed CraigOfTheCreek's ghost (amateur GnBe)
  1693 | D:3      | Found a runed translucent gate.
  1697 | D:3      | Found a runed translucent gate.
  1697 | D:3      | Found a runed translucent gate.
  1797 | D:3      | Reached ** piety under Makhleb
  1976 | D:3      | Found an ornate altar of the Wu Jian Council.
  2091 | D:3      | Bought a scroll of butterflies for 52 gold pieces
  2091 | D:3      | Bought a scroll of fear for 52 gold pieces
  2114 | D:4      | Noticed an orc warrior
  2120 | D:3      | Reached skill level 1 in Conjurations
  2120 | D:3      | Reached skill level 1 in Hexes
  2120 | D:3      | Reached skill level 1 in Summonings
  2120 | D:3      | Reached skill level 1 in Necromancy
  2120 | D:3      | Reached skill level 1 in Translocations
  2120 | D:3      | Reached skill level 1 in Fire Magic
  2120 | D:3      | Reached skill level 1 in Ice Magic
  2120 | D:3      | Reached skill level 1 in Air Magic
  2120 | D:3      | Reached skill level 1 in Earth Magic
  2120 | D:3      | Reached skill level 1 in Poison Magic
  2126 | D:3      | Killed an orc warrior
  2127 | D:3      | Reached XP level 5. HP: 25/41 MP: 9/12
  2382 | D:4      | Reached XP level 6. HP: 47/47 MP: 9/13
  2456 | D:4      | Noticed Ijyb
  2470 | D:4      | Killed Ijyb
  2630 | D:4      | Reached skill level 5 in Dodging
  2967 | D:4      | Found a glowing silver altar of Zin.
  2968 | D:4      | Found a white marble altar of Elyvilon.
  2968 | D:4      | Found a glowing golden altar of the Shining One.
  3292 | D:5      | Entered Level 5 of the Dungeon
  3307 | D:5      | Noticed a black bear
  3322 | D:5      | Killed a black bear
  3323 | D:5      | Reached skill level 7 in Unarmed Combat
  3323 | D:5      | Reached XP level 7. HP: 52/52 MP: 8/15
  3723 | D:5      | Noticed Sigmund
  3733 | D:5      | Killed Sigmund
  3790 | D:5      | Reached XP level 8. HP: 57/60 MP: 13/16
  3966 | D:5      | Found a blossoming altar of Fedhas.
  3993 | D:5      | Noticed Pikel
  4005 | D:5      | Killed Pikel
  4119 | D:5      | Found a burning altar of Makhleb.
  4487 | D:6      | Reached skill level 5 in Transmutations
  4599 | D:6      | Reached XP level 9. HP: 66/66 MP: 14/18
  4604 | D:6      | Learned a level 4 spell: Ice Form
  4655 | D:6      | Reached *** piety under Makhleb
  4975 | D:6      | Reached skill level 5 in Fighting
  5446 | D:6      | Reached skill level 8 in Unarmed Combat
  5795 | D:6      | Found a basalt altar of Yredelemnul.
  6076 | D:7      | Reached skill level 5 in Invocations
  6124 | D:7      | Found an ancient bone altar of Kikubaaqudgha.
  6151 | D:7      | You fall into a shaft and drop 1 floor!
  6629 | D:7      | Found a runed translucent door.
  6629 | D:7      | Noticed Crazy Yiuf
  6639 | D:7      | Killed Crazy Yiuf
  6759 | D:7      | Noticed Prince Ribbit
  6772 | D:7      | Killed Prince Ribbit
  6818 | D:7      | Found a staircase to the Ecumenical Temple.
  6971 | D:8      | Reached skill level 5 in Short Blades
  6971 | D:8      | Reached skill level 5 in Long Blades
  6971 | D:8      | Reached skill level 5 in Axes
  6971 | D:8      | Reached skill level 5 in Maces & Flails
  6971 | D:8      | Reached skill level 5 in Polearms
  6971 | D:8      | Reached skill level 5 in Staves
  6971 | D:8      | Reached skill level 5 in Ranged Weapons
  6971 | D:8      | Reached skill level 5 in Throwing
  6971 | D:8      | Reached skill level 5 in Armour
  6971 | D:8      | Reached skill level 5 in Stealth
  6971 | D:8      | Reached skill level 5 in Shields
  6971 | D:8      | Reached skill level 5 in Evocations
  6971 | D:8      | Reached XP level 10. HP: 76/76 MP: 12/20
  7054 | D:8      | Found a sparkling altar of Nemelex Xobeh.
  7704 | D:8      | Reached **** piety under Makhleb
  7910 | D:8      | Found a runed translucent door.
  7955 | D:8      | Noticed an orc knight
  8137 | D:8      | Found a stormy altar of Qazlal.
  8465 | D:9      | Found a flagged portal.
  8565 | Bailey   | Entered a bailey
  8685 | Bailey   | Found a large runed translucent door.
  8685 | Bailey   | Found a large runed translucent door.
  8696 | Bailey   | Noticed an orc knight
  8696 | Bailey   | Noticed a deep elf pyromancer
  8729 | Bailey   | Killed an orc knight
  9018 | Bailey   | Killed a deep elf pyromancer
  9030 | Bailey   | Identified the +4 scale mail "Tiotisax" {Str+8}
  9113 | D:9      | Identified the +1 robe of Lugonu's Indignation {Drain rN+
                  | rCorr Str+3}
  9185 | D:9      | Reached skill level 9 in Unarmed Combat
  9192 | D:9      | Reached skill level 5 in Conjurations
  9192 | D:9      | Reached skill level 5 in Hexes
  9192 | D:9      | Reached skill level 5 in Summonings
  9192 | D:9      | Reached skill level 5 in Necromancy
  9192 | D:9      | Reached skill level 5 in Translocations
  9192 | D:9      | Reached skill level 5 in Fire Magic
  9192 | D:9      | Reached skill level 5 in Ice Magic
  9192 | D:9      | Reached skill level 5 in Air Magic
  9192 | D:9      | Reached skill level 5 in Earth Magic
  9192 | D:9      | Reached skill level 5 in Poison Magic
  9242 | D:9      | Found a bloodstained altar of Trog.
  9305 | D:9      | Reached XP level 11. HP: 36/83 MP: 22/22
  9316 | D:9      | Slain by a troll

Illustrated notes

Levels and vault maps discovered:
D:1:      heliophobic_arrival_ceremonial_halls, layout_rooms
D:2:      layout_basic, serial_shops, shop, basic_altar,
          dreamdust_ecumenical_altar_drowned_temple
D:3:      layout_loops_cross, nzn_wu_jian_council_hall, serial_shops,
          nicolae_shop_temple_entry_statues_fountains, gammafunk_ghost_split
D:4:      layout_loops_ring, dreamdust_divine_triumvirate, uniq_ijyb
D:5:      layout_rooms, lemuel_round_altar, mainiacjoe_overflow_tiny_flanked,
          nicolae_kite_square_tiling_tiny, chequers_garden,
          hangedman_decor_peaks_small, hangedman_decor_push, chequers_avenue,
          uniq_pikel, uniq_sigmund
D:6:      layout_basic, nicolae_overflow_hidden_temple
D:7:      layout_gridville, tgw_kikubaaqudgha, temple_doors_e,
          uniq_prince_ribbit1, uniq_crazy_yiuf_cottage
D:8:      layout_gridville, lemuel_coloured_pillars_altar,
          nemelex_diamond_rough_becter, wad_hexagon
D:9:      layout_stronghold, old_standard_altar, ashenzari_conservatory_becter,
          erik_lair_island, enter_bailey_5, nicolae_wooded_promenade

Skill      XL: |  1  2  3  4  5  6  7  8  9 10 |
---------------+-------------------------------+-----
Spellcasting   | 5 6 7 |  7.9
Invocations    | 1 2 3 4 5 6 |  6.6
Short Blades   | 1 2 3 5 6 |  6.0
Long Blades    | 1 2 3 5 6 |  6.0
Axes           | 1 2 3 5 6 |  6.0
Maces & Flails | 1 2 3 5 6 |  6.0
Polearms       | 1 2 3 5 6 |  6.0
Staves         | 1 2 3 5 6 |  6.0
Ranged Weapons | 1 2 3 5 6 |  6.0
Throwing       | 1 2 3 5 6 |  6.0
Armour         | 1 2 3 5 6 |  6.0
Stealth        | 1 2 3 5 6 |  6.0
Shields        | 1 2 3 5 6 |  6.0
Evocations     | 1 2 3 5 6 |  6.0
Conjurations   | 1 2 3 4 5 |  5.0
Hexes          | 1 2 3 4 5 |  5.0
Summonings     | 1 2 3 4 5 |  5.0
Necromancy     | 1 2 3 4 5 |  5.0
Translocations | 1 2 3 4 5 |  5.0
Fire Magic     | 1 2 3 4 5 |  5.0
Ice Magic      | 1 2 3 4 5 |  5.0
Air Magic      | 1 2 3 4 5 |  5.0
Earth Magic    | 1 2 3 4 5 |  5.0
Poison Magic   | 1 2 3 4 5 |  5.0
Fighting       | 3 4 5 6 |  6.6
Transmutations | 4 5 6 |  6.3
Dodging        | 5 6 7 |  7.7
Unarmed Combat | 7 8 9 |  9.0

Action                   |  1- 3 |  4- 6 |  7- 9 | 10-12 || total
-------------------------+-------+-------+-------+-------++-------
Melee: Unarmed           |   104 |   101 |   228 |   175 ||   608
       Kick              |    18 |     3 |       |       ||    21
       Headbutt          |    10 |       |       |       ||    10
       Bite              |    10 |       |       |       ||    10
       Punch             |     4 |       |       |       ||     4
 Cast: Beastly Appendage |    26 |     3 |       |       ||    29
       Wereblood         |     3 |     1 |     4 |     4 ||    12
       Spider Form       |     1 |    19 |    27 |     3 ||    50
       Ice Form          |       |       |    11 |    15 ||    26
Invok: Minor Destruction |       |       |     1 |       ||     1
       Lesser Servant of |       |       |       |     4 ||     4
       Major Destruction |       |       |       |     1 ||     1
Evoke: Wand              |       |       |       |     1 ||     1
  Use: Scroll            |     6 |     8 |       |     2 ||    16
       Potion            |       |       |       |     4 ||     4
 Stab: Sleeping          |       |     3 |     2 |     2 ||     7
       Distracted        |       |       |       |     1 ||     1
Armor: Robe              |    12 |       |       |     1 ||    13
       Skin              |       |     3 |    11 |    63 ||    77
Dodge: Dodged            |    75 |    73 |   198 |   160 ||   506

Table legend: (Time is in decaauts)
 A = Elapsed time spent in this place.
 B = Non-inter-level travel time spent in this place.
 C = Inter-level travel time spent in this place.
 D = Time resting spent in this place.
 E = Time spent auto-exploring this place.
 F = Levels seen in this place.
 G = Mean time per level.
                   A        B        C        D        E       F      G
               +--------+--------+--------+--------+--------+-----+--------+
         Total |   9224 |   8816 |    408 |    426 |   6699 |  10 |  922.4 |
       Dungeon |   8718 |   8310 |    408 |    195 |   6650 |   9 |  968.7 |
        Bailey |    506 |    506 |      0 |    231 |     49 |   1 |  506.0 |
               +--------+--------+--------+--------+--------+-----+--------+

Top non-repeatable levels by time:
     D:6: 1612 daAuts
     D:8: 1357 daAuts
     D:7: 1116 daAuts
     D:5: 1044 daAuts
     D:4: 1012 daAuts
     D:3: 920 daAuts
     D:2: 830 daAuts
     D:1: 511 daAuts
  Bailey: 506 daAuts
     D:9: 313 daAuts
